Map: Ruins of Seras

Players

puCK (Nina)

  • Race: Protoss Protoss
  • League: Grandmaster

CMStormPolt (Polt) - Winner!

  • Race: Terran Terran
  • League: Grandmaster

VOD

Have the link to the VOD?

Description

Time

  • Played on: Feb. 14, 2016, 6:44 p.m.
  • Length: 6:01
Show
View Real Time Build Order
Export as new Build Order

puCK Protoss 

Build Orders: 1 Gate Expand, Blink Stalkers 

Get SALT Encoding   

  12  0:01  Probe (Chrono Boost)  
  13  0:11  Probe (Chrono Boost)  
  14  0:19  Pylon  
  14  0:23  Probe (Chrono Boost)  
  15  0:38  Gateway, Probe (Chrono Boost)  
  16  0:44  Assimilator  
  16  0:49  Probe (Chrono Boost)  
  17  0:59  Probe (Chrono Boost)  
  18  1:10  Probe (Chrono Boost)  
  19  1:23  Nexus  
  19  1:35  Cybernetics Core  
  19  1:38  Probe (Chrono Boost)  
  20  1:47  Assimilator  
  20  1:49  Probe (Chrono Boost)  
  21  1:55  Pylon  
  21  2:00  Probe (Chrono Boost)  
  22  2:13  Mothership Core (Chrono Boost), Warp Gate  
  24  2:20  Stalker  
  26  2:32  Probe (Chrono Boost)  
  26  2:36  Probe (Chrono Boost)  
  28  2:40  Twilight Council  
  28  2:42  Probe (Chrono Boost)  
  28  2:47  Probe (Chrono Boost)  
  29  2:53  Probe (Chrono Boost), Stalker  
  29  2:57  Probe (Chrono Boost)  
  33  3:02  Pylon  
  33  3:05  Probe (Chrono Boost)  
  34  3:08  Probe (Chrono Boost)  
  35  3:15  Probe (Chrono Boost)  
  35  3:18  Probe (Chrono Boost)  
  37  3:21  Blink (Chrono Boost)  
  37  3:27  Probe  
  39  3:38  Probe  
  39  3:39  Robotics Facility, Probe  
  40  3:48  Gateway  
  40  3:50  Gateway  
  40  3:57  Gateway  
  40  3:58  Probe  
  40  4:00  Probe  
  42  4:10  Probe  
  42  4:11  Probe  
  42  4:15  Pylon  
  42  4:16  Stalker  
  46  4:19  Pylon  
  46  4:21  Probe  
  46  4:23  Probe  
  48  4:30  Warp Prism (Chrono Boost)  
  50  4:32  Probe  
  50  4:35  Probe  
  52  4:42  Probe  
  52  4:44  Stalker x2  
  57  4:49  Pylon  
  57  4:51  Stalker  
  59  4:53  Probe x2  
  59  4:58  Stalker  
  63  5:00  Observer (Chrono Boost)  
  63  5:05  Probe  
  65  5:07  Assimilator x2  
  65  5:10  Stalker  
  67  5:18  Observer  
  67  5:19  Pylon  
  68  5:31  Adept x3  
  74  5:41  Adept  
  64  5:59  Pylon x2  
Show
View Real Time Build Order
Export as new Build Order

CMStormPolt Terran - Winner!

Build Orders: MMM Bio 

Get SALT Encoding   

  12  0:01  SCV  
  13  0:13  SCV  
  14  0:18  Supply Depot  
  14  0:25  SCV  
  15  0:39  SCV  
  15  0:41  Barracks  
  16  0:51  SCV  
  17  1:03  SCV  
  18  1:15  SCV  
  19  1:19  Command Center  
  19  1:28  Orbital Command  
  19  1:31  Marine  
  20  1:38  Supply Depot  
  20  1:49  Marine  
  22  1:54  SCV  
  22  1:58  Barracks  
  22  2:06  SCV  
  22  2:07  Marine  
  24  2:13  Barracks  
  24  2:18  SCV  
  25  2:25  Marine  
  26  2:31  SCV, Orbital Command  
  27  2:39  Refinery  
  27  2:40  Refinery  
  27  2:43  Marine, SCV  
  29  2:45  Marine  
  30  2:55  SCV  
  30  2:56  SCV  
  32  3:00  Marine  
  32  3:03  Marine  
  35  3:07  SCV  
  35  3:08  Barracks Tech Lab, SCV  
  35  3:11  Supply Depot  
  36  3:19  SCV  
  37  3:21  SCV, Barracks Reactor, Marine  
  39  3:27  Marine  
  39  3:31  SCV  
  39  3:33  SCV  
  42  3:34  Supply Depot  
  42  3:36  Stimpack  
  42  3:41  Barracks Tech Lab  
  42  3:43  SCV  
  42  3:45  SCV  
  42  3:47  Supply Depot  
  44  3:48  Engineering Bay  
  44  3:49  Marauder  
  47  3:55  SCV  
  47  3:57  Marine x2, SCV  
  47  3:59  Marine  
  51  4:04  Combat Shields  
  51  4:07  SCV  
  51  4:09  SCV  
  53  4:11  Marauder  
  53  4:15  Missile Turret, Marine x2  
  57  4:17  Marauder  
  57  4:20  SCV  
  57  4:22  SCV  
  61  4:25  Supply Depot  
  60  4:33  Marauder, Marine x2  
  60  4:38  SCV x2, Bunker  
  66  4:39  Marauder  
  68  4:46  Factory  
  68  4:47  Refinery  
  68  4:49  Supply Depot  
  68  4:54  Marauder  
  68  4:56  Marine x2  
  68  4:59  SCV x2  
  74  5:00  Marauder  
  74  5:05  Supply Depot  
  74  5:06  Refinery  
  76  5:11  SCV x2  
  78  5:20  Marauder, Marine x2  
  82  5:22  Marauder  
  84  5:30  Starport  
  84  5:32  SCV x2  
  84  5:34  Factory Reactor  
  86  5:41  Marine x2  
Tags
 
Add a new tag
Caveats
  • Supply blocks, unpowered buildings, or Contaminate may cause inaccurate times.
  • Supply counts are checked every 10 seconds.